 Dungeon Crawl Stone Soup version 0.31-a0-819-gf6de2f5ab6 (webtiles) character file.

Game seed: 11874489313898400672

82 Shayle the Vexing (level 4, -2/41 (44) HPs)
             Began as an Ogre Hexslinger on Sept 23, 2023.
             Slain by a phantom (3 damage)
             ... on level 3 of the Dungeon.
             The game lasted 00:03:47 (2482 turns).

Shayle the Vexing (Ogre Hexslinger)                 Turns: 2482, Time: 00:03:48

HP:   -2/41 (44)    AC:  3    Str: 16    XL:     4   Next: 43%
MP:   7/7           EV: 10    Int: 16    God:
Gold: 66            SH:  0    Dex:  8    Spells: 7/7 levels left

rFire   + . .        n - +4 long sword "Fyparir" {venom, rPois rCorr Str+4 Dex-3}
rCold   + . .        (no shield)
rNeg    . . .        c - +0 robe
rPois   +            (helmet restricted)
rElec   +            (no cloak)
rCorr   +            (gloves unavailable)
SInv    .            (boots unavailable)
Will    .....        (no amulet)
Stlth   +            (no ring)
HPRegen 0.26/turn    (no ring)
MPRegen 0.10/turn

%: no passive effects
@: mighty, brilliant, resistant, drained
A: large, unfitting armour, tough skin 1
a: no special abilities


You were on level 3 of the Dungeon.
You visited 1 branch of the dungeon, and saw 4 of its levels.

You collected 66 gold pieces.

Inventory:

Hand Weapons
 a - a +1 sling
 n - the +4 long sword "Fyparir" (weapon) {venom, rPois rCorr Str+4 Dex-3}
   (You found it on level 3 of the Dungeon)

   Str+4:     It affects your strength (+4).
   Dex-3:     It affects your dexterity (-3).
   rPois:     It protects you from poison rCorr: It protects you from acid and
   corrosion.
Missiles
 g - a throwing net
Armour
 c - a +0 robe (worn)
Jewellery
 h - a ring of protection from fire
 q - a +4 ring of protection
Scrolls
 b - 2 scrolls of poison
 d - a scroll of enchant armour {unknown}
 e - 6 scrolls of identify {unknown}
 i - a scroll of fear {unknown}
 l - a scroll of vulnerability {unknown}
 m - a scroll of immolation {unknown}
 r - a scroll of silence {unknown}
Potions
 f - a potion of lignification {unknown}
 o - a potion of enlightenment {unknown}


   Skills:
 + Level 2.6 Fighting
 - Level 1.3 Ranged Weapons
 + Level 2.3 Dodging
 + Level 2.2 Spellcasting
 - Level 2.6 Hexes
 + Level 1.7 Fire Magic
 + Level 1.7 Invocations


You had 7 spell levels left.
You didn't know any spells.
Your spell library contained the following spells:

 Spells                   Type           Power      Damage    Failure   Level
 Jinxbite                 Hex            30%        N/A       11%         2
 Freeze                   Ice            8%         1d3       21%         1
 Necrotise                Necr           8%         1d4       21%         1
 Sigil of Binding         Hex            15%        N/A       21%         3
 Inner Flame              Hex/Fire       13%        N/A       24%         3
 Frozen Ramparts          Ice            4%         1d1       52%         3
 Hailstorm                Conj/Ice       2%         3d3       52%         3
 Vampiric Draining        Necr           2%         2d6       52%         3
 Cause Fear               Hex            7%         N/A       56%         4
 Dimensional Bullseye     Hex/Tloc       4%         N/A       75%         4
 Agony                    Necr           2%         N/A       99%         5


Dungeon Overview and Level Annotations

Branches:
Dungeon (4/15)
 Temple: D:4-7

Altars:


Innate Abilities, Weirdness & Mutations

You are too large for most types of armour.
You have tough skin. (AC +1)


Message History

The phantom closely misses you. The phantom hits you.
* * * LOW HITPOINT WARNING * * *
The phantom blinks!
You blink.
It was a potion of heal wounds.
You feel much better. The phantom hits you.
The phantom blinks!
You blink.
You closely miss the phantom.
The phantom is moderately damaged.
The phantom hits you but does no damage.
You barely miss the phantom.
The phantom is moderately damaged.
The phantom closely misses you.
You barely miss the phantom.
The phantom is moderately damaged.
The phantom hits you. x2; The phantom blinks!
You blink.
You closely miss the phantom.
The phantom is moderately damaged.
The phantom hits you.
The phantom blinks!
You blink.
You closely miss the phantom.
The phantom is moderately damaged.
The phantom hits you.
* * * LOW HITPOINT WARNING * * *
The phantom hits you.
* * * LOW HITPOINT WARNING * * *
The phantom blinks!
You blink.
It was a potion of might.
You feel very mighty all of a sudden. The phantom hits you.
* * * LOW HITPOINT WARNING * * *
You slash the phantom!
The phantom is heavily damaged.
The phantom hits you.
* * * LOW HITPOINT WARNING * * *
The phantom blinks!
You blink.
It was a potion of resistance.
You feel protected. The phantom barely misses you.
It was a potion of brilliance.
You feel clever all of a sudden. The phantom hits you.
You die...

####.#.#.....#>...........#.###.
#.#....#.##..................
#.#.####.##...##.#.###.#.####
#.#.# #.##......#.#.........
#.#.####.##...##.#.#.........
#.............##.#.#.........
###ยงยง..............###+#.####
#..####.#....###### #.#.#### #..#
#...W@..# #.#....# ######..#
#.###...# #.'....'
.....#..####.###...## ###....#
#...................# #.####
####.#..####..##..#.########.####
####.#..# #.....................
#.##.#..####...#..#######..######
#.##...........#..########...[.##
#.##.#..#.##...##...........##...


You could see a phantom.

Vanquished Creatures
  5 adders
  2 dart slugs
  4 ball pythons
  4 bats (D:1)
  3 endoplasms
  2 goblins
  4 hobgoblins
  A jackal (D:3)
  3 kobolds
  8 rats
36 creatures vanquished.

Notes
Turn   | Place    | Note
-------+----------+-------------------------------------------
     0 | D:1      | Shayle the Ogre Hexslinger began the quest for the Orb.
     0 | D:1      | Reached XP level 1. HP: 19/19 MP: 2/2
    52 | D:1      | Reached skill level 1 in Fire Magic
   265 | D:1      | Reached XP level 2. HP: 27/28 MP: 4/4
   895 | D:2      | Reached skill level 1 in Invocations
   895 | D:2      | Reached XP level 3. HP: 4/35 MP: 5/5
  1088 | D:2      | Found a faded altar of an unknown god.
  1089 | D:2      | You fall into a shaft and drop 1 floor!
  1310 | D:3      | Identified the +4 long sword "Fyparir" {venom, rPois rCorr
                  | Str+4 Dex-3}
  1782 | D:2      | Reached XP level 4. HP: 37/44 MP: 7/7
  2452 | D:4      | Noticed a phantom
  2480 | D:3      | HP: 1/41 [phantom (6)]
  2482 | D:3      | Slain by a phantom

Illustrated notes

Levels and vault maps discovered:
D:1:      dpeg_arrival_arbitrary_c, layout_basic
D:2:      layout_basic, chequers_ecumenical_altar_island
D:3:      layout_basic, minmay_pentomino_pile
D:4:      layout_cave_pools, serial_shops, nicolae_inconvenience_store

Skill      XL: |  1  2  3 |
---------------+----------+-----
Fire Magic     | 1 |  1.7
Dodging        | 2 |  2.3
Fighting       | 2 |  2.6
Invocations    | 1 |  1.7
Spellcasting   | 2 |  2.2
Ranged Weapons | |  1.3
Hexes          | |  2.6

Action                     |  1- 3 |  4- 6 || total
---------------------------+-------+-------++-------
  Melee: Long sword        |    26 |    31 ||    57
   Fire: Sling             |    85 |       ||    85
    Use: Potion            |       |     4 ||     4
 Armour: Robe              |    71 |    36 ||   107
  Dodge: Dodged            |    44 |     9 ||    53

Table legend: (Time is in decaauts)
 A = Elapsed time spent in this place.
 B = Non-inter-level travel time spent in this place.
 C = Inter-level travel time spent in this place.
 D = Time resting spent in this place.
 E = Time spent auto-exploring this place.
 F = Levels seen in this place.
 G = Mean time per level.
                   A        B        C        D        E       F      G
               +--------+--------+--------+--------+--------+-----+--------+
         Total |   2533 |   2414 |    119 |    124 |   1890 |   4 |  633.2 |
       Dungeon |   2533 |   2414 |    119 |    124 |   1890 |   4 |  633.2 |
               +--------+--------+--------+--------+--------+-----+--------+

Top non-repeatable levels by time:
     D:3: 938 daAuts
     D:1: 838 daAuts
     D:2: 738 daAuts
     D:4: 18 daAuts
